AoeStats
← zamithdaniel

Arena

509029008Analyzed
3v3 RM · 8d ago on Sep 25, 2026· 29m 1s· 6 players
Game mode
Random Map
Map size
Normal (6 player)
Population
200
Speed
Normal
Resources
Standard
Victory
Conquest
Starting age
Dark Age
Ending age
Imperial Age
RankedLock teamsTeams togetherTeam positionsShared explorationLock speedFull tech treeHidden civsTurbo modeCheats
Victory
Defeat
🇨🇴 Celts · Colombia
979
+11
🇨🇴 Romans · Colombia
872
+16
🇨🇴 Slavs · Colombia
863
+16
🇨🇴 Cumans · Colombia
894
-15
🇨🇴 Armenians · Colombia
864
-14
🇨🇴 Franks · Colombia
848
-14
RRobles2878
5:59 Loom
10:09 Feudal Age
11:32 Man-at-Arms
12:40 Forging
12:34 Scale Mail Armor
12:27 Double-Bit Axe
13:46 Long Swordsman
20:00 Horse Collar
Lil.Barbas
12:49 Feudal Age
13:47 Double-Bit Axe
14:02 Gold Mining
24:21 Wheelbarrow
29:14 Castle Age
didicorcue
6:19 Loom
10:30 Feudal Age
12:07 Double-Bit Axe
13:37 Wheelbarrow
25:46 Scale Barding Armor
25:52 Forging
andres simijaca
8:29 Loom
11:07 Feudal Age
11:39 Double-Bit Axe
11:42 Horse Collar
12:19 Man-at-Arms
29:20 Castle Age
zamithdaniel
10:38 Feudal Age
11:23 Double-Bit Axe
11:28 Horse Collar
20:00 Castle Age
17:56 Stone Mining
19:31 Forging
19:21 Scale Mail Armor
22:52 Gold Mining
26:09 Iron Casting
27:47 Padded Archer Armor
28:05 Chain Mail Armor
edwinsy22
0:39 Loom
12:16 Feudal Age
13:32 Wheelbarrow
12:59 Horse Collar
13:06 Double-Bit Axe
21:36 Castle Age
20:22 Scale Mail Armor
20:38 Forging
20:26 Gold Mining
20:19 Man-at-Arms
21:59 Stone Mining
23:53 Gold Shaft Mining
28:27 Long Swordsman
Connection lost

Rejoining the realm…

Still unreachable

The connection could not be restored.

Session expired

The server has moved on; the page needs a fresh start.